 Dungeon Crawl Stone Soup version 0.27-a0-592-g0306a34022 (webtiles) character file.

Game seed: 16605540153028012133

40 sahdkjhfkaj the Changer (level 3, 0/29 HPs)
             Began as a Demigod Transmuter on Mar 11, 2021.
             Slain by a gnoll
             ... wielding a +0 spear
              (7 damage)
             ... on level 2 of the Dungeon.
             The game lasted 00:01:36 (1516 turns).

sahdkjhfkaj the Changer (Demigod Transmuter)        Turns: 1516, Time: 00:01:37

Health: 0/29       AC:  2    Str: 15    XL:     3   Next: 14%
Magic:  7/8        EV: 12    Int: 15    God:
Gold:   68         SH:  0    Dex: 14    Spells: 5/6 levels left

rFire    . . .     SeeInvis .     - Unarmed
rCold    . . .     Faith    .   (no shield)
rNeg     . . .     Spirit   .   a - +0 robe
rPois    .         Reflect  .   (helmet currently unavailable)
rElec    .         Harm     .   (no cloak)
rCorr    .         Rampage  .   (no gloves)
Will     .....                  (boots currently unavailable)
Stlth    +.........             (no amulet)
HPRegen  0.09/turn              (no ring)
MPRegen  0.11/turn              (no ring)

@: appendages
A: horns 2, talons 2, high mp 1, forlorn
a: End Transformation


You were on level 2 of the Dungeon.
You had grown temporary horns.
You had grown temporary talons.
You visited 1 branch of the dungeon, and saw 2 of its levels.

You collected 68 gold pieces.

Inventory:

Armour
 a - a +0 robe (worn)
 d - a +1 hat (melded)
Jewellery
 c - a ring of fire
Scrolls
 b - a scroll of teleportation {unknown}
 f - a scroll of amnesia {unknown}
 g - 4 scrolls of identify {unknown}
Potions
 e - a potion of brilliance {unknown}
 h - a potion of flight {unknown}
 i - a potion of mutation {unknown}


   Skills:
 - Level 2.0 Fighting
 - Level 1.7 Dodging
 - Level 2.6 Unarmed Combat
 - Level 2.0 Spellcasting
 + Level 2.7 Transmutations


You had 5 spell levels left.
You knew the following spells:

 Your Spells              Type           Power      Damage    Failure   Level
a - Beastly Appendage     Tmut           18%        N/A       8%          1

Your spell library contained the following spells:

 Spells                   Type           Power      Damage    Failure   Level
 Wereblood                Tmut           9%         N/A       11%         2
 Spider Form              Tmut/Pois      2%         N/A       36%         3
 Ice Form                 Ice/Tmut       5%         N/A       77%         4
 Blade Hands              Tmut           4%         N/A       90%         5


Dungeon Overview and Level Annotations

Branches:
Dungeon (2/15)


Innate Abilities, Weirdness & Mutations

Your attributes grow dramatically as you level up.
You have an increased reservoir of magic. (+10% MP)
You shall have no god before yourself.
You have a pair of horns on your head.
You have razor-sharp toenails.


Message History

The bat moves out of view.
A bat is nearby!
A bat is nearby!
A bat is nearby!
A bat is nearby!
A bat is nearby!
A bat is nearby!
A bat is nearby!
A bat is nearby!
You grow a pair of large bovine horns.
Your feet morph into talons.
Your +1 hat melds into your body.
You barely miss the bat. Your kick misses the bat. You miss the bat.
You barely miss the bat. You claw the bat.
The bat is moderately wounded.
The bat hits you.
You closely miss the bat. You claw the bat.
You kill the bat!
Your transformation is almost over.
Your horns disappear.
Your talons disappear.
Your +1 hat unmelds from your body.
g - 4 scrolls labelled RUDOOV WUJYQ (gained 1)
You now have 68 gold pieces (gained 8).
A goblin and 3 gnolls come into view.
The gnoll shouts! x2
A gnoll comes into view. It is wielding a +0 spear.
Unknown command.
Unknown command.
Casting: Beastly Appendage (safe; 8% risk of failure)
Confirm with . or Enter, or press ? or * to list all spells.
You grow a pair of large bovine horns.
Your feet morph into talons.
Your +1 hat melds into your body.
The gnoll shouts!
The goblin shouts!
Unknown command.
The gnoll hits you with a +0 spear.
You hit the gnoll but do no damage. The gnoll hits you with a +0 spear. x2
The gnoll hits you from afar with a +0 spear!
* * * LOW HITPOINT WARNING * * *
The gnoll hits you from afar with a +0 spear!
You die...

...............#####.
....$..........#..#.....
#......#..♣....†#..#.####
#.....#..♣_♣....#....#
#.....#...♣.....'.####
................###
................#
................#
......g.@.......#
......g.#########
.....ggg# ........#
......... .........
.......... ...#......
.#.#.......


You could see 4 gnolls and a goblin.

Vanquished Creatures
  2 adders (D:2)
  A dart slug (D:1)
  2 giant cockroaches
  2 goblins (D:1)
  2 hobgoblins (D:1)
  6 kobolds
  2 bats (D:2)
  4 rats
21 creatures vanquished.

Notes
Turn   | Place    | Note
-------+----------+-------------------------------------------
     0 | D:1      | sahdkjhfkaj the Demigod Transmuter began the quest for the
                  | Orb.
     0 | D:1      | Reached XP level 1. HP: 15/15 MP: 5/5
    66 | D:1      | Reached skill level 1 in Fighting
   530 | D:1      | Reached XP level 2. HP: 24/24 MP: 5/7
  1387 | D:2      | Reached XP level 3. HP: 19/29 MP: 6/8
  1516 | D:2      | Slain by a gnoll

Illustrated notes

Levels and vault maps discovered:
D:1:      sevenhm_arrival_forest_fort_small_3, layout_loops_ring,
          chequers_garden, wad_floor_pattern_2
D:2:      layout_basic, chequers_ecumenical_altar_simple

Skill      XL: |  1  2 |
---------------+-------+-----
Fighting       | 2 |  2.0
Transmutations | 2 |  2.7
Spellcasting   | 2 |  2.0
Dodging        | |  1.7
Unarmed Combat | |  2.6

Action                   || total
-------------------------++-------
Melee: Unarmed           ||    54
       Kick              ||    16
       Headbutt          ||     5
 Cast: Beastly Appendage ||    24
 Abil: End Transformatio ||     1
Armor: Robe              ||     8
Dodge: Dodged            ||    38

Table legend: (Time is in decaauts)
 A = Elapsed time spent in this place.
 B = Non-inter-level travel time spent in this place.
 C = Inter-level travel time spent in this place.
 D = Time resting spent in this place.
 E = Time spent auto-exploring this place.
 F = Levels seen in this place.
 G = Mean time per level.
                   A        B        C        D        E       F      G
               +--------+--------+--------+--------+--------+-----+--------+
         Total |   1513 |   1490 |     23 |      0 |   1331 |   2 |  756.5 |
       Dungeon |   1513 |   1490 |     23 |      0 |   1331 |   2 |  756.5 |
               +--------+--------+--------+--------+--------+-----+--------+

Top non-repeatable levels by time:
     D:1: 947 daAuts
     D:2: 565 daAuts
